 Dungeon Crawl Stone Soup version 0.29-a0-284-gf9362112df (webtiles) character file.

Game seed: 1641094945856594524

1554 ders the Magician (level 9, -4/63 HPs)
             Began as a Djinni Fire Elementalist on Mar 24, 2022.
             Was a Believer of Ru.
             Slain by a yak (11 damage)
             ... on level 6 of the Dungeon.
             The game lasted 00:06:50 (6424 turns).

ders the Magician (Djinni Fire Elementalist)        Turns: 6424, Time: 00:06:50

Health: -4/63      AC:  4    Str:  7    XL:     9   Next: 12%
Gold:   258        EV: 12    Int: 27    God:    Ru [**....] SH:  0 Dex: 17

rFire   + + +      SeeInvis .   h - +7 scimitar "Qauty" {spect, rPois Int+2}
rCold   x x .      Faith    +   (no shield)
rNeg    + . .      Spirit   .   a - +0 robe
rPois   ∞          Reflect  .   p - +1 hat
rElec   .          Harm     .   s - +0 cloak
rCorr   .          Rampage  .   (no gloves)
Will    +....                   (boots unavailable)
Stlth   ++........              n - amulet of faith
HPRegen 0.20/turn               j - ring of fire
MPRegen 0.00/turn               r - ring "Felefag" {rF+ rN+ Will+ Int+4 Dex+3}

@: flying
A: sickness immunity, fire resistance 2, cold vulnerability 1, hated by all,
float, innate caster, HP casting, extra vitality 1
a: Renounce Religion


You were on level 6 of the Dungeon.
You worshipped Ru.
Ru was pleased with you.
You visited 1 branch of the dungeon, and saw 6 of its levels.

You collected 383 gold pieces.
You spent 125 gold pieces at shops.

Inventory:

Hand Weapons
 h - the +7 scimitar "Qauty" (weapon) {spect, rPois Int+2}
   (You found it on level 2 of the Dungeon)

   When its wielder attacks, the weapon's spirit leaps out and strikes again.
   The spirit shares a part of any damage it takes with its wielder.
   Int:       It affects your intelligence (+2).
   rPois:     It protects you from poison.
Armour
 a - a +0 robe (worn)
 p - a +1 hat (worn)
 s - a +0 cloak (worn)
Jewellery
 j - a ring of fire (left hand)
 n - an amulet of faith (around neck)
 o - a ring of resist corrosion
 r - the ring "Felefag" (right hand) {rF+ rN+ Will+ Int+4 Dex+3}
   (You found it on level 3 of the Dungeon)

   [ring of positive energy]

   Int:       It affects your intelligence (+4).
   Dex:       It affects your dexterity (+3).
   rF:        It protects you from fire.
   rN:        It protects you from negative energy.
   Will:      It increases your willpower.
Wands
 k - a wand of paralysis (11)
 u - a wand of polymorph (4)
Scrolls
 c - a scroll of holy word {unknown}
 e - 4 scrolls of teleportation
 g - 3 scrolls of identify
 i - a scroll of silence {unknown}
 l - a scroll of vulnerability {unknown}
 m - a scroll of fear
 q - a scroll of enchant weapon {unknown}
 t - a scroll of fog
Potions
 b - 2 potions of curing
 d - 4 potions of degeneration
 v - a potion of mutation {unknown}


   Skills:
 - Level 4.5 Fighting
 - Level 4.0 Long Blades
 - Level 2.1 Dodging
 - Level 1.5 Stealth
 + Level 7.0 Spellcasting


You had one spell level left.
You knew the following spells:

 Your Spells              Type           Power      Damage    Failure   Level
a - Foxfire               Conj/Fire      100%       2x1d9     1%          1
b - Scorch                Fire           100%       2d10      1%          2
c - Conjure Flame         Conj/Fire      63%        6-21      1%          3
d - Inner Flame           Hex/Fire       63%        N/A       1%          3
e - Flame Wave            Conj/Fire      63%        2d12      3%          4
f - Shock                 Conj/Air       100%       1d9       1%          1
g - Poisonous Vapours     Pois/Air       94%        N/A       1%          2
h - Passwall              Tmut/Erth      39%        N/A       1%          2
i - Ignite Poison         Fire/Tmut/Pois 63%        N/A       1%          3
Your spell library was empty.

Dungeon Overview and Level Annotations

Branches:
Dungeon (6/15)             Temple (0/1) D:6

Altars:
Ashenzari
Makhleb
Nemelex Xobeh
Ru
Vehumet
The Shining One

Shops:
D:3 [*!


Innate Abilities, Weirdness & Mutations

You are immune to sickness and miasma.
You are immune to poison.
Your flesh is very heat resistant. (rF++)
You are vulnerable to cold. (rC-)
You are hated by all.
You float through the air rather than walking.
You learn spells naturally, not from books.
Your magical power is your life essence.
You have superior vitality. (+4 MHP)


Message History

The yak closely misses you.
You slash the orc wizard!
The orc wizard is severely wounded.
The orc wizard hits you but does no damage.
The yak closely misses you.
You barely miss the orc wizard.
The orc wizard is severely wounded.
The orc wizard hits you with a +0 dagger.
The yak gores you.
The orc wizard hits you with a +0 dagger.
The yak gores you!
* * * LOW HITPOINT WARNING * * *
You feel much better. The orc wizard misses you.
The yak gores you but does no damage.
You slash the orc wizard!
You kill the orc wizard!
The yak gores you.
Your Spellcasting skill increases to level 7!
You hit the yak.
The yak is lightly wounded.
The yak closely misses you. The yak gores you.
You slash the yak!
The yak is heavily wounded.
The yak gores you. The yak misses you.
You slash the yak!
The yak is severely wounded.
The yak gores you!
* * * LOW HITPOINT WARNING * * *
The yak closely misses you. The yak attacks as you move away!
The yak barely misses you. The yak attacks as you move away! The yak gores you.
* * * LOW HITPOINT WARNING * * *
You focus your inner power and illuminate the yak in retribution!
You feel better. The yak attacks as you move away! The yak barely misses you.
The yak gores you but does no damage.
There is an open door here.
The yak attacks as you move away! The yak barely misses you.
The yak attacks as you move away! The yak gores you!
You die...

.............###'###.#
......######.#.....#.#
##....# #.#.....#.#
.....## ..#.....#.#
....... . #..>..'.#
##........ #.....### #
. ... #.....# ....
#.....# # .....
###@### . .....###YY#
. .......#.##
#..#.#.))# .........#
##.....)..# #........#
##..#....# .........#


You could see 2 yaks.

Vanquished Creatures
  A yak (D:6)
  A water moccasin (D:6)
  2 ogres (D:5)
  A phantom (D:6)
  2 necrophages
  Blork the orc (D:4)
  3 scorpions
  3 jellies
  3 orc priests
  Crazy Yiuf (D:4)
  A gnoll shaman (D:3)
  2 hounds
  2 iguanas (D:6)
  5 orc wizards
  7 adders
  7 gnolls
  A shadow imp (D:6)
  2 dart slugs (D:1)
  20 orcs
  5 endoplasms
  5 goblins
  4 hobgoblins
  4 jackals (D:2)
  3 quokkas
  5 ball pythons
  6 bats
  A frilled lizard (D:2)
  6 kobolds
  8 rats
112 creatures vanquished.

Vanquished Creatures (others)
  218 foxfires
218 creatures vanquished.

Grand Total: 330 creatures vanquished

Notes
Turn   | Place    | Note
-------+----------+-------------------------------------------
     0 | D:1      | ders the Djinni Fire Elementalist began the quest for the
                  | Orb.
     0 | D:1      | Reached XP level 1. HP: 15/15 MP: 0/0
   496 | D:1      | Reached XP level 2. HP: 19/21 MP: 0/0
   726 | D:1      | Reached skill level 3 in Spellcasting
  1108 | D:1      | Reached XP level 3. HP: 24/25 MP: 0/0
  1108 | D:1      | Learned a level 1 spell: Shock
  1395 | D:2      | Found a sparkling altar of Nemelex Xobeh.
  1712 | D:2      | Reached XP level 4. HP: 18/31 MP: 0/0
  1847 | D:2      | Reached skill level 4 in Spellcasting
  2134 | D:2      | Identified the +7 scimitar "Qauty" {spect, rPois Int+2}
  2393 | D:2      | Reached XP level 5. HP: 35/35 MP: 0/0
  2393 | D:2      | Learned a level 2 spell: Poisonous Vapours
  2526 | D:3      | Reached skill level 1 in Fighting
  2526 | D:3      | Reached skill level 1 in Long Blades
  3141 | D:3      | Reached XP level 6. HP: 42/43 MP: 0/0
  3214 | D:3      | Found Suxtaofo's Antique Armour Shop.
  3252 | D:3      | Identified the ring "Felefag" {rF+ rN+ Will+ Int+4 Dex+3}
  3333 | D:3      | Found a sacrificial altar of Ru.
  3387 | D:3      | Became a worshipper of Ru the Awakened
  3414 | D:3      | Found Rufoick's General Store.
  3436 | D:3      | Bought a scroll of teleportation for 42 gold pieces
  3436 | D:3      | Bought a scroll of identify for 28 gold pieces
  3586 | D:3      | Found Teepregh's Distillery.
  3595 | D:3      | Bought a potion of heal wounds for 55 gold pieces
  3911 | D:4      | Noticed Blork the orc
  3920 | D:4      | Killed Blork the orc
  4056 | D:4      | Reached XP level 7. HP: 21/49 MP: 0/0
  4056 | D:4      | Learned a level 2 spell: Passwall
  4288 | D:4      | Found a runed translucent door.
  4289 | D:4      | Noticed Crazy Yiuf
  4787 | D:4      | Killed Crazy Yiuf
  4936 | D:5      | Entered Level 5 of the Dungeon
  5207 | D:5      | Gained mutation: You are hated by all. [Ru sacrifice]
  5207 | D:5      | Reached * piety under Ru
  5207 | D:5      | Reached ** piety under Ru
  5226 | D:5      | Reached XP level 8. HP: 56/58 MP: 0/0
  5282 | D:5      | Found a broken altar of Ashenzari.
  5600 | D:5      | Reached skill level 5 in Spellcasting
  6126 | D:6      | Found a burning altar of Makhleb.
  6147 | D:6      | Reached skill level 6 in Spellcasting
  6361 | D:6      | Found a glowing golden altar of the Shining One.
  6381 | D:6      | Found a staircase to the Ecumenical Temple.
  6401 | D:6      | Noticed a yak
  6402 | D:6      | Noticed a yak
  6402 | D:6      | Noticed a yak
  6405 | D:6      | Reached XP level 9. HP: 59/63 MP: 0/0
  6405 | D:6      | Learned a level 3 spell: Ignite Poison
  6418 | D:6      | Reached skill level 7 in Spellcasting
  6421 | D:6      | HP: 2/63 [yak (4)]
  6424 | D:6      | Slain by a yak

Illustrated notes

Levels and vault maps discovered:
D:1:      amcnicky_arrival_double_pillar, layout_loops_ring,
          serial_park_tiny_pond, minmay_unequal
D:2:      layout_rooms, basic_altar
D:3:      minmay_door_path, layout_rooms, nicolae_ru_path_of_blood,
          serial_shops, nicolae_shop_waterfront, shop, shop
D:4:      layout_cave_pools, mainiacjoe_overflow_brackets,
          kennysheep_generic_room_14, uniq_blork_the_orc,
          uniq_crazy_yiuf_cottage
D:5:      layout_gridville, nicolae_ashenzari_skybound,
          nicolae_fountain_basement
D:6:      layout_rooms, nicolae_overflow_hidden_temple,
          mainiacjoe_overflow_alcove_1, temple_green

Skill      XL: |  1  2  3  4  5  6  7  8  9 |
---------------+----------------------------+-----
Spellcasting   | 3 4 6 7 |  7.0
Fighting       | 1 2 4 |  4.5
Long Blades    | 1 2 3 4 |  4.0
Dodging        | |  2.1
Stealth        | |  1.5

Action                   |  1- 3 |  4- 6 |  7- 9 || total
-------------------------+-------+-------+-------++-------
Melee: Scimitar          |       |    36 |    55 ||    91
 Cast: Foxfire           |    41 |    44 |    42 ||   127
       Scorch            |     5 |     3 |     6 ||    14
       Shock             |     4 |     4 |       ||     8
       Ignite Poison     |       |       |     1 ||     1
       Poisonous Vapours |       |       |     1 ||     1
Invok: Sacrifice Love    |       |       |     1 ||     1
  Use: Scroll            |       |     9 |       ||     9
       Potion            |       |       |     2 ||     2
 Stab: Sleeping          |       |       |     1 ||     1
Armor: Robe              |       |     8 |     8 ||    16
Dodge: Dodged            |     2 |    37 |    32 ||    71

Table legend: (Time is in decaauts)
 A = Elapsed time spent in this place.
 B = Non-inter-level travel time spent in this place.
 C = Inter-level travel time spent in this place.
 D = Time resting spent in this place.
 E = Time spent auto-exploring this place.
 F = Levels seen in this place.
 G = Mean time per level.
                   A        B        C        D        E       F      G
               +--------+--------+--------+--------+--------+-----+--------+
         Total |   6447 |   6312 |    135 |   1004 |   4579 |   6 | 1074.5 |
       Dungeon |   6447 |   6312 |    135 |   1004 |   4579 |   6 | 1074.5 |
               +--------+--------+--------+--------+--------+-----+--------+

Top non-repeatable levels by time:
     D:1: 1395 daAuts
     D:2: 1355 daAuts
     D:4: 1214 daAuts
     D:5: 1116 daAuts
     D:3: 986 daAuts
     D:6: 379 daAuts
